AoeStats
← KootH.

MegaRandom

507186618Analyzed
4v4 RM · 15d ago on Sep 17, 2026· 24m 1s· 8 players
Game mode
Random Map
Map size
Large (8 player)
Population
200
Speed
Normal
Resources
Standard
Victory
Conquest
Starting age
Dark Age
Ending age
Imperial Age
RankedLock teamsTeams togetherTeam positionsShared explorationLock speedFull tech treeHidden civsTurbo modeCheats
Victory
Defeat
🇧🇷 Persians · Brazil
1558
+10
🇧🇷 Huns · Brazil
1505
+12
🇨🇦 Franks · Canada
1430
+15
🇧🇷 Britons · Brazil
1380
+18
🇨🇦 Japanese · Canada
1481
-15
1440
-15
🇨🇴 Magyars · Colombia
1418
-14
🇲🇽 Ethiopians · Mexico
1341
-11
Liquid Lead
0:32 Loom
11:19 Feudal Age
12:46 Wheelbarrow
12:19 Man-at-Arms
13:27 Double-Bit Axe
16:12 Town Watch
21:40 Horse Collar
Nobody
0:31 Loom
9:46 Feudal Age
10:51 Double-Bit Axe
21:06 Fletching
24:47 Wheelbarrow
KootH.
0:44 Loom
9:42 Feudal Age
10:32 Double-Bit Axe
20:31 Scale Barding Armor
[CANTINAMX] | Vintar Khan
0:36 Loom
10:14 Feudal Age
12:47 Double-Bit Axe
16:50 Fletching
18:46 Padded Archer Armor
20:13 Wheelbarrow
21:50 Gold Mining
23:12 Town Watch
GAX | SUPERBOY
0:36 Loom
10:25 Feudal Age
10:53 Double-Bit Axe
13:56 Fletching
14:14 Padded Archer Armor
18:31 Wheelbarrow
19:43 Town Watch
24:16 Castle Age
22:09 Horse Collar
23:29 Gold Mining
GAX | Kareca
0:32 Loom
9:58 Feudal Age
10:29 Double-Bit Axe
13:41 Scale Barding Armor
18:19 Bloodlines
19:14 Wheelbarrow
20:07 Horse Collar
23:52 Castle Age
22:36 Forging
22:57 Gold Mining
23:40 Light Cavalry
24:40 Chain Barding Armor
24:36 Bow Saw
Marvin Saturnino
6:34 Loom
8:49 Feudal Age
9:23 Double-Bit Axe
14:53 Fletching
17:49 Town Watch
22:36 Castle Age
22:39 Crossbowman
23:31 Bow Saw
23:18 Bodkin Arrow
GAX | This Game Isnt Fun
0:31 Loom
9:51 Feudal Age
11:01 Double-Bit Axe
15:20 Forging
22:05 Castle Age
21:16 Scale Barding Armor
23:11 Chain Barding Armor
22:59 Husbandry
Connection lost

Rejoining the realm…

Still unreachable

The connection could not be restored.

Session expired

The server has moved on; the page needs a fresh start.